cohdb
Replays
Latest Replays
All Replays
Popular Replays
Top Player Replays
Match Explorer
How It Works
Community
CoH3 Stats
Reddit
Sign in to upload your games and track your stats! →
Sign in with Steam
Match 44061718
Unlisted
Match 44061718
Overview
Messages
Build Orders
End
Construct Section Command Post
Dingo Light Scout Car
Dingo Light Scout Car
Infantry Section
Infantry Section
Construct Platoon Command Post
Humber Armored Car
Infantry Section
Humber Armored Car
Selects Heavy Armor Battlegroup
Selects Rigorous Vehicle Training
Humber Armored Car
Construct Field Infirmary
Royal Engineer Section
Light Vehicle Training
Selects Forward Repair Assembly
6-pounder Anti-tank Gun Team
Vickers Machine Gun Team
Royal Engineer Section
Grenade Package
Construct Company Command Post
6-pounder Anti-tank Gun Team
Infantry Section
JollyRedRockett
OPENHERE
GovernorMilitantPaulus
TLA-Wesker
shootinputin
LegendPistachios
0
0
Comments
sign in to comment!
No comments posted yet!